 Dungeon Crawl Stone Soup version 0.22-a0-282-gdd34a7d (webtiles) character file.

10544 vishdafish the Orthodox (level 11, 0/81 HPs)
             Began as a Formicid Fighter on Mar 18, 2018.
             Was an Elder of Zin.
             Slain by a purple ugly thing (7 damage)
             ... on level 10 of the Dungeon.
             The game lasted 00:43:46 (14607 turns).

vishdafish the Orthodox (Formicid Fighter)         Turns: 14607, Time: 00:43:47

Health: 0/81       AC: 10    Str: 29    XL:     11   Next: 94%
Magic:  19/19      EV: 13    Int:  7    God:    Zin [****..]
Gold:   752        SH: 12    Dex:  8    Spells: 18/20 levels left

rFire    + . .     SeeInvis +   H - +2 hunting sling "Tiudol" {speed, *Drain rElec Str+9 Dex-2} (curse)
rCold    . . .     Gourm    .   c - +0 shield
rNeg     . . .     Faith    .   D - +1 ring mail of the Ego {+Fly rElec rF+ Int-5}
rPois    .         Spirit   .   (helmet unavailable)
rElec    +         Reflect  .   p - +0 cloak
rCorr    .         Harm     .   y - +1 pair of gloves
MR       ++...                  (no boots)
Stlth    ..........             (no amulet)
HPRegen  0.23/turn              s - ring of protection from magic
MPRegen  0.16/turn              F - ring of wizardry

@: no status effects
A: permanent stasis, dig shafts and tunnels, four strong arms, antennae 3
a: Dig, Shaft Self, Recite, Vitalisation, Imprison, Donate Gold, Renounce
Religion, Evoke Flight


You were on level 10 of the Dungeon.
You worshipped Zin.
Zin was greatly pleased with you.
You were not hungry.

You visited 2 branches of the dungeon, and saw 13 of its levels.

You collected 835 gold pieces.
You donated 83 gold pieces to Zin.

Inventory:

Hand Weapons
 a - a +1 war axe
 H - the cursed +2 hunting sling "Tiudol" (weapon) {speed, *Drain rElec Str+9 Dex-2}
   (You found it on level 8 of the Dungeon)

   Attacks with this weapon are significantly faster.
   It affects your strength (+9).
   It affects your dexterity (-2).
   It insulates you from electricity.
   It causes draining when unequipped.
   It has a curse placed upon it.
Missiles
 g - 60 stones (quivered)
 x - 83 bolts
 I - 63 arrows
Armour
 b - a +0 scale mail
 c - a +0 shield (worn)
 p - a +0 cloak (worn)
 u - a +2 animal skin
 y - a +1 pair of gloves (worn)
 D - the +1 ring mail of the Ego (worn) {+Fly rElec rF+ Int-5}
   (You found it on level 6 of the Dungeon)

   It affects your intelligence (-5).
   It protects you from fire.
   It insulates you from electricity.
   It lets you fly.
Jewellery
 j - an uncursed ring of ice
 s - a ring of protection from magic (left hand)
 C - an uncursed ring of fire {unknown}
 F - a ring of wizardry (right hand)
Wands
 t - a wand of polymorph (17)
 J - a wand of iceblast (8)
 M - a wand of enslavement (3)
Scrolls
 d - a scroll of identify
 h - 4 scrolls of magic mapping
 k - a scroll of amnesia
 l - 7 scrolls of teleportation
 o - a scroll of enchant weapon
 w - 2 scrolls of blinking
Potions
 e - a potion of magic
 i - a potion of haste
 m - 2 potions of agility
 n - 2 potions of flight {unknown}
 q - 2 potions of brilliance
 r - a potion of mutation
 z - 3 potions of degeneration
 E - 2 potions of lignification
 G - 2 potions of curing
Comestibles
 f - 21 rations


   Skills:
 - Level 6.1 Fighting
 - Level 7.1 Axes
 - Level 3.1 Slings
 - Level 6.1 Armour
 - Level 5.8 Dodging
 - Level 8.6 Shields
 * Level 5.4 Spellcasting
 * Level 5.9 Transmutations
 * Level 10.6 Invocations


You had 18 spell levels left.
You knew the following spells:

 Your Spells              Type           Power        Failure   Level  Hunger
a - Sticks to Snakes      Tmut           ##......     2%          2    ###....


Dungeon Overview and Level Annotations

Branches:
Dungeon (12/15)            Temple (1/1) D:6            Lair (0/6) D:8
    Orc: D:9-12

Altars:
Ashenzari
Cheibriados
Dithmenos
Elyvilon
Fedhas
Gozag
Hepliaklqana
Kikubaaqudgha
Makhleb
Nemelex Xobeh
Okawaru
Qazlal
Ru
Sif Muna
Trog
Uskayaw
Vehumet
Wu Jian
Xom
Yredelemnul
Zin
The Shining One

Annotations:
D:12 Azrael


Innate Abilities, Weirdness & Mutations

You cannot be hasted, slowed, berserked, paralysed or teleported.
You can dig through walls and to a lower floor.
Your four strong arms can wield two-handed weapons with a shield.
You have a pair of large antennae on your head. (SInv)


Message History

You extend your mandibles.
You dig through the rock wall.
You are starving! "...legions of the damned would trouble them no longer."
You finish reciting Anathema 13:19.
You're too hungry.
Firing (i - inventory)
g - 61 stones (quivered)
Press: ? - help, Shift-Dir - straight line, f/p - purple ugly thing
Aim: a purple ugly thing (sick)
Okay, then.
Firing (i - inventory)
g - 61 stones (quivered)
Press: ? - help, Shift-Dir - straight line, f/p - purple ugly thing
Aim: a purple ugly thing (sick)
You shoot a stone.
The stone barely misses the purple ugly thing.
The purple ugly thing pecks you.
* * * LOW HITPOINT WARNING * * *
You eat one of the 22 rations.
That ration really hit the spot!
The purple ugly thing pecks you!
You die...

.........#........#.........#
.........#........#.........#
.........#.......##.........#
.........#.......#..).......#
.##'######.......#..........#
##......##.......#....#####.#
.#......##.......#..........#
.#......##.......#..........#
.#......##......@#..........#
.#......##......u#..........#
##......##.......#..........#
###'###########..#..........#
........#.....>#.####.......#
........#......#....#....#..#
##......#......#....#....#..#
.#......#......#....#.......#
.###+####..###.#(...#.......#


You could see a purple ugly thing.

Vanquished Creatures
  A two-headed ogre (D:10)
  Pikel (D:8)
  A troll (D:9)
  6 hippogriffs
  Sigmund (D:4)
  A shadow (D:11)
  A wyvern (D:11)
  3 yaks
  Grum (D:9)
  A human (D:8)
  4 hogs (D:8)
  A hungry ghost (D:7)
  Edmund (D:4)
  4 hell hounds (D:12)
  6 orc warriors
  An eye of draining (D:11)
  3 sky beasts
  4 ice beasts
  2 phantoms
  5 ogres
  4 wolves (D:9)
  A necrophage (D:11)
  6 centaurs
  2 big kobolds
  6 bullfrogs
  A gnoll sergeant (D:8)
  3 scorpions
  A water moccasin skeleton (D:8)
  6 killer bees
  A howler monkey (D:8)
  3 bullfrog zombies
  5 crimson imps
  A quasit (D:8)
  A jelly (D:7)
  2 orc priests
  7 hounds
  An iguana (D:5)
  Terence (D:3)
  14 orc wizards
  7 worker ants
  A hound zombie (D:9)
  A hound skeleton (D:5)
  A worker ant zombie (D:11)
  Robin (D:3)
  10 gnolls
  14 adders
  3 shadow imps
  An ooze (D:6)
  3 adder zombies
  4 worms
  4 dart slugs
  11 leopard geckos
  57 orcs
  3 ball pythons
  9 giant cockroaches
  17 goblins
  9 hobgoblins
  16 jackals
  5 quokkas
  4 bats
  8 frilled lizards
  17 kobolds
  A leopard gecko zombie (D:8)
  4 rats
325 creatures vanquished.

Vanquished Creatures (collateral kills)
  Maurice (D:9)
1 creature vanquished.

Vanquished Creatures (others)
  A yak (D:10)
  An orc warrior (D:9)
  4 slaves (D:8)
  A scorpion (D:9)
  2 howler monkeys (D:8)
  An orc wizard (D:9)
  A gnoll (D:6)
  An adder (D:8)
  A shadow imp (D:8)
  An adder skeleton (D:9)
  4 kobolds (D:8)
18 creatures vanquished.

Grand Total: 344 creatures vanquished

Notes
Turn   | Place    | Note
-------+----------+-------------------------------------------
     0 | D:1      | vishdafish the Formicid Fighter began the quest for the Orb.
     0 | D:1      | Reached XP level 1. HP: 18/18 MP: 1/1
     7 | D:1      | You fall through a shaft!
   117 | D:2      | Reached XP level 2. HP: 20/24 MP: 2/2
   378 | D:1      | Reached XP level 3. HP: 29/29 MP: 3/3
  1124 | D:2      | Reached skill level 1 in Dodging
  1124 | D:2      | Reached XP level 4. HP: 36/36 MP: 4/4
  2175 | D:3      | Reached XP level 5. HP: 34/42 MP: 5/5
  2389 | D:3      | Noticed Terence
  2398 | D:3      | Killed Terence
  2586 | D:3      | Reached XP level 6. HP: 30/48 MP: 6/6
  2722 | D:3      | Noticed Robin
  2742 | D:3      | Killed Robin
  3608 | D:4      | Reached XP level 7. HP: 37/55 MP: 7/7
  3636 | D:4      | Noticed Sigmund
  3646 | D:4      | Killed Sigmund
  3646 | D:4      | Reached skill level 5 in Shields
  3928 | D:4      | Found a snail-covered altar of Cheibriados.
  4078 | D:4      | Reached skill level 5 in Axes
  4441 | D:5      | Entered Level 5 of the Dungeon
  4462 | D:5      | Reached XP level 8. HP: 58/61 MP: 8/8
  4490 | D:5      | Reached skill level 5 in Fighting
  4513 | D:5      | Reached skill level 5 in Armour
  4573 | D:5      | Noticed Edmund
  4598 | D:4      | Killed Edmund
  5299 | D:5      | Found a sacrificial altar of Ru.
  5694 | D:5      | Found a shadowy altar of Dithmenos.
  5736 | D:5      | Reached XP level 9. HP: 68/68 MP: 9/9
  6151 | D:6      | Got a heavily runed ring mail
  6162 | D:6      | Identified the +1 ring mail of the Ego {+Fly rElec rF+ Int-5} (You found it on level 6 of the Dungeon)
  6292 | D:6      | Found an opulent altar of Gozag.
  6998 | D:6      | Found a staircase to the Ecumenical Temple.
  7061 | Temple   | Entered the Ecumenical Temple
  7296 | Temple   | Became a worshipper of Zin the Law-Giver
  7296 | Temple   | Reached * piety under Zin
  7403 | D:7      | Reached ** piety under Zin
  7431 | D:7      | Reached skill level 1 in Invocations
  7532 | D:7      | Noticed a hippogriff
  7540 | D:7      | Killed a hippogriff
  7540 | D:7      | Reached skill level 2 in Invocations
  7585 | D:7      | Reached skill level 3 in Invocations
  8020 | D:7      | Reached skill level 4 in Invocations
  8031 | D:7      | Reached XP level 10. HP: 70/76 MP: 13/13
  8085 | D:7      | Reached skill level 5 in Dodging
  8094 | D:7      | Reached skill level 5 in Invocations
  8309 | D:7      | Found a stormy altar of Qazlal.
  8551 | D:8      | Reached *** piety under Zin
  8634 | D:8      | Noticed Pikel
  8687 | D:8      | Killed Pikel
  8687 | D:8      | Reached skill level 6 in Invocations
  8897 | D:8      | Got an ancient hunting sling
  8898 | D:8      | Identified the cursed +2 hunting sling "Tiudol" {speed, *Drain rElec Str+9 Dex-2} (You found it on level 8 of the Dungeon)
  8959 | D:7      | Reached skill level 7 in Invocations
  9144 | D:8      | Found a staircase to the Lair.
  9609 | D:8      | Found an ornate altar of the Wu Jian Council.
  9609 | D:8      | Found an ancient bone altar of Kikubaaqudgha.
  9610 | D:8      | Found a deep blue altar of Sif Muna.
  9623 | D:8      | Found a white marble altar of Elyvilon.
  9629 | D:8      | Found a shadowy altar of Dithmenos.
  9633 | D:8      | Found a glowing golden altar of the Shining One.
  9639 | D:8      | Found a blossoming altar of Fedhas.
 10112 | D:8      | Reached skill level 1 in Slings
 10149 | D:8      | Reached **** piety under Zin
 10255 | D:8      | Reached skill level 8 in Invocations
 10380 | D:8      | Learned a level 2 spell: Sticks to Snakes
 10422 | D:9      | Reached skill level 1 in Spellcasting
 10422 | D:9      | Reached skill level 1 in Transmutations
 10422 | D:9      | Reached XP level 11. HP: 65/81 MP: 17/17
 10575 | D:9      | Noticed Grum
 10822 | D:9      | Killed Grum
 10866 | D:9      | Reached skill level 9 in Invocations
 11065 | D:9      | Noticed Maurice
 11535 | D:9      | Found a hazy altar of Hepliaklqana.
 11569 | D:9      | Killed Maurice
 11951 | D:10     | Entered Level 10 of the Dungeon
 11952 | D:10     | Noticed a two-headed ogre
 11967 | D:10     | Killed a two-headed ogre
 12543 | D:10     | Reached ***** piety under Zin
 13138 | D:10     | Reached skill level 10 in Invocations
 13510 | D:11     | Reached skill level 5 in Transmutations
 14014 | D:11     | Reached skill level 5 in Spellcasting
 14069 | D:12     | Noticed Azrael
 14069 | D:12     | Noticed a two-headed ogre
 14458 | D:11     | Noticed a purple ugly thing
 14601 | D:10     | Zin protects you from harm!
 14607 | D:10     | Slain by a purple ugly thing

Vault maps used:
D:1:      mrwooster_arrival_statue, roderic_lattice_a
D:3:      uniq_terence, uniq_robin
D:4:      kennysheep_slug_shrine, uniq_sigmund
D:5:      nicolae_ru_the_path_less_chosen, basic_altar, first_ration,
          uniq_edmund
D:6:      grunt_gozag_breadcrumbs, lemuel_temple_firewalk_a
D:7:      nicolae_qazlal_general_emergency
D:8:      grunt_temple_overflow_octagram, lair_entry_dummy, grunt_livestock,
          uniq_pikel
D:9:      kennysheep_mini, uniq_maurice, uniq_grum
D:10:     patterned_corridor
D:11:     minmay_four_partial_circles
D:12:     minmay_orc_entry_guard_dogs, serial_glass, glass_columns_a,
          glass_columns_a, nicolae_tso_carved_into_rock, uniq_rupert,
          uniq_azrael
Temple:   minmay_temple_curvy_loop

Skill      XL: |  1  2  3  4  5  6  7  8  9 10 11 |
---------------+----------------------------------+-----
Shields        | 4 5 6 7 8 |  8.6
Dodging        | 1 2 3 4 5 |  5.8
Axes           | 3 4 5 6 7 |  7.1
Fighting       | 4 5 6 |  6.1
Armour         | 4 5 6 |  6.1
Invocations    | 4 8 10 | 10.6
Slings         | 3 |  3.1
Spellcasting   | 1 5 |  5.4
Transmutations | 1 5 |  5.9

Action                   |  1- 3 |  4- 6 |  7- 9 | 10-12 || total
-------------------------+-------+-------+-------+-------++-------
Melee: War axe           |   111 |   205 |   383 |   140 ||   839
       Hunting sling     |       |       |       |    92 ||    92
 Fire: Hunting sling     |       |       |       |   597 ||   597
Throw: Tomahawk          |       |       |     1 |    20 ||    21
       Throwing net      |       |       |       |     1 ||     1
 Cast: Sticks to Snakes  |       |       |       |    11 ||    11
Invok: Recite            |       |       |     1 |    51 ||    52
       Sanctuary         |       |       |       |     1 ||     1
 Abil: Dig               |     6 |     3 |       |     9 ||    18
Evoke: Wand              |       |       |     4 |    32 ||    36
  Use: Potion            |       |     3 |     2 |     6 ||    11
       Scroll            |       |       |     6 |     7 ||    13
 Stab: Confused          |       |       |       |     1 ||     1
       Invisible         |       |       |       |     1 ||     1
  Eat: Chunk             |     1 |     8 |    11 |     2 ||    22
       Ration            |       |       |     2 |     6 ||     8
Armor: Scale mail        |    40 |    72 |    79 |       ||   191
       Ring mail         |       |       |    43 |   144 ||   187
       Skin              |       |       |       |    30 ||    30
Dodge: Dodged            |    34 |    63 |   182 |   309 ||   588
Block: Shield            |    64 |    91 |   202 |   476 ||   833

Table legend:
 A = Spawn XP
 B = Non-spawn XP
 C = Spawn XP percentage of total XP
 D = Spawn monster count
 E = Non-spawn monster count
 F = Spawn count percentage of total count
 G = Total turns spent on level
                    A         B        C        D         E        F      G
               +---------+---------+-------+---------+---------+-------+---------
         Total |       0 |   15063 |   0.0 |       0 |     331 |   0.0 | 14607
               +---------+---------+-------+---------+---------+-------+---------
           D:1 |       0 |      45 |   0.0 |       0 |      24 |   0.0 |   927
           D:2 |       0 |      79 |   0.0 |       0 |      23 |   0.0 |  1192
           D:3 |       0 |     288 |   0.0 |       0 |      42 |   0.0 |  1471
           D:4 |       0 |     710 |   0.0 |       0 |      32 |   0.0 |  1132
           D:5 |       0 |    1004 |   0.0 |       0 |      28 |   0.0 |  1664
           D:6 |       0 |     638 |   0.0 |       0 |      29 |   0.0 |   908
           D:7 |       0 |    1849 |   0.0 |       0 |      24 |   0.0 |  1502
           D:8 |       0 |    2721 |   0.0 |       0 |      36 |   0.0 |  1688
           D:9 |       0 |    2477 |   0.0 |       0 |      40 |   0.0 |  1184
          D:10 |       0 |    2063 |   0.0 |       0 |      23 |   0.0 |  1287
          D:11 |       0 |    2615 |   0.0 |       0 |      26 |   0.0 |  1364
          D:12 |       0 |     574 |   0.0 |       0 |       4 |   0.0 |     5
               +---------+---------+-------+---------+---------+-------+---------
